 Dungeon Crawl Stone Soup version 0.31-a0-237-g2d982f9f85 (webtiles) character file.

Game seed: 17622852065242305253

72 qw the Shooter (level 4, -2/26 HPs)
             Began as a Gargoyle Hexslinger on July 11, 2023.
             Slain by a gnoll
             ... wielding a +0 spear
              (6 damage)
             ... on level 3 of the Dungeon.
             The game lasted 00:00:42 (1517 turns).

qw the Shooter (Gargoyle Hexslinger)                Turns: 1517, Time: 00:00:43

Health: -2/26      AC: 10    Str: 11    XL:     4   Next: 25%
Magic:  5/5        EV: 10    Int: 14    God:
Gold:   163        SH:  0    Dex: 14    Spells: 4/5 levels left

rFire   . . .        Y - +1 sling
rCold   . . .        (no shield)
rNeg    + . .        d - +0 ring mail
rPois   inf          f - +0 helmet
rElec   +            (no cloak)
rCorr   .            a - +0 pair of gloves
SInv    .            (no boots)
Will    .....        e - amulet of the acrobat
Stlth   +            (no ring)
HPRegen 0.24/turn    (no ring)
MPRegen 0.09/turn

%: acrobat
@: no status effects
A: sickness immunity, AC +3, negative energy resistance 1, electricity
resistance, torment resistance 1, petrification resistance
a: no special abilities


You were on level 3 of the Dungeon.
You visited 1 branch of the dungeon, and saw 3 of its levels.

You collected 163 gold pieces.


Innate Abilities, Weirdness & Mutations

You are immune to sickness and miasma.
Your stone body is resilient. (AC +3)
You are immune to poison.
You resist negative energy. (rN+)
You are resistant to electric shocks. (rElec)
You are resistant to unholy torment.
You are immune to petrification.


   Skills:
 - Level 2.0 Fighting
 + Level 3.9 Ranged Weapons
 - Level 1.0 Armour
 - Level 1.5 Dodging
 - Level 1.0 Spellcasting
 - Level 2.6 Hexes


You had 4 spell levels left.
You knew the following spells:

 Your Spells              Type           Power      Damage    Failure   Level
a - Slow                  Hex            32%        N/A       21%         1

Your spell library contained the following spells:

 Spells                   Type           Power      Damage    Failure   Level
 Inner Flame              Hex/Fire       4%         N/A       71%         3
 Portal Projectile        Hex/Tloc       8%         N/A       71%         3
 Cause Fear               Hex            4%         N/A       90%         4

Inventory:

Hand Weapons
 Y - a +1 sling (weapon)
Armour
 a - a +0 pair of gloves (worn)
 d - a +0 ring mail (worn)
 f - a +0 helmet (worn)
Jewellery
 e - an amulet of the acrobat (around neck)
Potions
 b - a potion of attraction {unknown}
 c - a potion of lignification {unknown}
 h - a potion of resistance {unknown}
 i - a potion of curing {unknown}

Dungeon Overview and Level Annotations

Branches:
Dungeon (3/15)

Altars:
Nemelex Xobeh
Zin


Message History

The gnoll shouts!
The sling bullet hits the gnoll.
The gnoll is severely wounded.
The gnoll completely misses you. The gnoll hits you but does no damage.
You shoot a sling bullet.
The sling bullet closely misses the gnoll.
The gnoll misses you. The gnoll completely misses you.
The gnoll hits you but does no damage. The gnoll barely misses you.
You shoot a sling bullet.
The sling bullet closely misses the gnoll.
The gnoll closely misses you. The gnoll misses you.
You shoot a sling bullet. The sling bullet hits the gnoll.
You kill the gnoll!
The gnoll hits you from afar with a +0 spear.
You shoot a sling bullet.
The sling bullet closely misses the gnoll.
The gnoll hits you from afar with a +0 spear.
The gnoll barely misses you.
You shoot a sling bullet.
The sling bullet closely misses the gnoll.
A gnoll comes into view. It is wielding a +0 halberd.
The gnoll hits you from afar with a +0 spear.
The gnoll hits you but does no damage.
You shoot a sling bullet. The gnoll shouts!
The sling bullet hits the gnoll but does no damage.
The gnoll completely misses you. The gnoll hits you with a +0 club.
You shoot a sling bullet.
The sling bullet closely misses the gnoll.
The gnoll hits you but does no damage. The gnoll closely misses you.
The gnoll hits you from afar with a +0 spear.
The gnoll hits you with a +0 club.
You shoot a sling bullet.
The sling bullet barely misses the gnoll.
The gnoll barely misses you. The gnoll hits you but does no damage.
You shoot a sling bullet. The sling bullet hits the gnoll.
The gnoll is moderately wounded.
The gnoll hits you with a +0 club.
The gnoll hits you from afar with a +0 spear.
You die...

#.#########%.....##
#.# ##....#...
#.######...........
#..................
#..................
#...7777777........
#...7777777........
#..=.....77........
#.@.gg...77........
#.g####..77?.......
##.)..#..77........
#.._.#..77........
#....#............
#.........
####...... #####


You could see 3 gnolls.

Vanquished Creatures
  2 adders (D:3)
  A gnoll (D:3)
  5 endoplasms
  2 giant cockroaches
  3 hobgoblins
  2 jackals (D:1)
  7 kobolds
  2 quokkas
  A ball python (D:3)
  4 bats
  6 frilled lizards
  6 goblins
  5 rats
46 creatures vanquished.

Notes
Turn   | Place    | Note
-------+----------+-------------------------------------------
     0 | D:1      | qw the Gargoyle Hexslinger began the quest for the Orb.
     0 | D:1      | Reached XP level 1. HP: 12/12 MP: 2/2
     0 | D:1      | 0 ||| qw: Version: 0.3-a-52-g30416fa
     0 | D:1      | 0 ||| qw: Game counter: 5772
     0 | D:1      | 0 ||| qw: Melee chars always use a shield: true
     0 | D:1      | 0 ||| qw: God list: Okawaru
     0 | D:1      | 0 ||| qw: Allow faded altars: false
     0 | D:1      | 0 ||| qw: Do Orc after clearing Dungeon:15 true
     0 | D:1      | 0 ||| qw: Do second Lair branch before Depths: true
     0 | D:1      | 0 ||| qw: Lair rune preference: random
     0 | D:1      | 0 ||| qw: Goals: Normal
     0 | D:1      | 0 ||| PLANNING D:1-11
    81 | D:1      | Found a faded altar of an unknown god.
   125 | D:1      | Reached XP level 2. HP: 16/16 MP: 3/3
   293 | D:1      | You fall into a shaft and drop 1 floor!
   317 | D:2      | 317 ||| UPGRADING to +0 ring mail.
   327 | D:2      | 327 ||| DROPPING +0 robe.
   328 | D:2      | 328 ||| UPGRADING to +0 helmet.
   333 | D:2      | 333 ||| UPGRADING to amulet of the acrobat.
   338 | D:2      | 338 ||| READING scroll labelled KYOHELYUFE.
   339 | D:2      | 339 ||| READING scroll labelled KIJOSCH VACI.
   440 | D:2      | 440 ||| READING scroll labelled DORAOT ZEL.
   441 | D:2      | 441 ||| DROPPING scroll of poison.
   447 | D:2      | 447 ||| STAIRDANCE
   453 | D:1      | Reached skill level 3 in Ranged Weapons
   731 | D:1      | 731 ||| READING scroll labelled CIMEKO ZOENODA.
   761 | D:2      | 761 ||| STAIRDANCE
   833 | D:2      | Reached XP level 3. HP: 20/21 MP: 4/4
  1185 | D:2      | 1185 ||| UPGRADING to +0 pair of gloves.
  1190 | D:2      | 1190 ||| READING scroll labelled BYEBBI TEAD.
  1260 | D:3      | Reached skill level 1 in Armour
  1395 | D:3      | Found a sparkling altar of Nemelex Xobeh.
  1428 | D:3      | Reached XP level 4. HP: 26/26 MP: 5/5
  1497 | D:3      | Found a glowing silver altar of Zin.
  1501 | D:3      | 1501 ||| DROPPING ring of wizardry.
  1515 | D:3      | HP: 5/26 [gnoll/+0 club (2)]
  1517 | D:3      | Slain by a gnoll

Levels and vault maps discovered:
D:1:      dpeg_arrival_orchard, layout_basic, ebering_ecumenical_altar_mist
D:2:      layout_rooms, minmay_domino_2
D:3:      layout_basic, mainiacjoe_overflow_paths, mainiacjoe_overflow_chevrons,
          evilmike_ruin_ashenzari

Skill      XL: |  1  2  3 |
---------------+----------+-----
Ranged Weapons | 3 |  3.9
Fighting       | 2 |  2.0
Armour         | 1 |  1.0
Dodging        | |  1.5
Spellcasting   | |  1.0
Hexes          | |  2.6

Action                     |  1- 3 |  4- 6 || total
---------------------------+-------+-------++-------
   Fire: Sling             |   151 |    22 ||   173
    Use: Scroll            |     5 |       ||     5
 Armour: Robe              |     2 |       ||     2
         Ring mail         |    91 |     8 ||    99
  Dodge: Dodged            |    95 |    12 ||   107

Table legend:
 A = Non-vault XP
 B = Vault XP
 C = Vault XP percentage of total XP
 D = Non-vault monster count
 E = Vault monster count
 F = Vault count percentage of total count
                 A         B        C        D         E       F
            +---------+---------+-------+---------+---------+-------
      Total |     100 |       3 |   2.9 |      44 |       2 |   4.3
            +---------+---------+-------+---------+---------+-------
        D:1 |      23 |       0 |   0.0 |      17 |       0 |   0.0
        D:2 |      15 |       3 |  16.7 |       9 |       2 |  18.2
        D:3 |      62 |       0 |   0.0 |      18 |       0 |   0.0
            +---------+---------+-------+---------+---------+-------
